 Dungeon Crawl Stone Soup version 0.22-a0-231-g1b571ea (webtiles) character file.

1099 RoseArtemis the Chopper (level 8, -2/70 HPs)
             Began as a Minotaur Fighter on Feb 21, 2018.
             Was a Follower of Trog.
             Killed from afar by mortelune's ghost (4 damage)
             ... with a puff of frost
             ... on level 6 of the Dungeon.
             The game lasted 00:15:10 (5753 turns).

RoseArtemis the Chopper (Minotaur Fighter)          Turns: 5753, Time: 00:15:11

Health: -2/70      AC:  8    Str: 22    XL:     8   Next: 10%
Magic:  7/7        EV: 11    Int:  5    God:    Trog [*.....]
Gold:   281        SH: 10    Dex: 11    Spells: 7/7 levels left

rFire    . . .     SeeInvis .   a - +0 war axe
rCold    + . .     Gourm    .   c - +0 shield
rNeg     . . .     Faith    .   k - +2 leather armour {rC+}
rPois    .         Spirit   .   (helmet restricted)
rElec    .         Reflect  .   m - +2 cloak
rCorr    .         Harm     .   (no gloves)
MR       .....                  (no boots)
Stlth    +.........             (no amulet)
HPRegen  0.21/turn              (no ring)
MPRegen  0.10/turn              (no ring)

@: flying
A: retaliatory headbutt, horns 2
a: Berserk, Renounce Religion


You were on level 6 of the Dungeon.
You worshipped Trog.
Trog was aware of your devotion.
You were not hungry.

You visited 1 branch of the dungeon, and saw 6 of its levels.

You collected 281 gold pieces.

Inventory:

Hand Weapons
 a - a +0 war axe (weapon)
 l - a +0 hunting sling
 n - a +2 dagger of speed
Armour
 b - a +0 scale mail
 c - a +0 shield (worn)
 e - a +0 pair of gloves
 k - a +2 leather armour of cold resistance (worn)
 m - a +2 cloak (worn)
 x - a +0 pair of boots
Wands
 i - a wand of paralysis (10)
 v - a wand of clouds (4)
Scrolls
 d - a scroll of fog {unknown}
 g - 2 scrolls of noise {unknown}
 p - a scroll of blinking {unknown}
 q - a scroll of teleportation {unknown}
 r - 2 scrolls of remove curse {unknown}
 u - a scroll of enchant armour {unknown}
 y - a scroll of magic mapping {unknown}
 A - a scroll of immolation {unknown}
Potions
 j - a potion of flight
 o - a potion of degeneration {unknown}
 s - a potion of agility {unknown}
 t - a potion of lignification {unknown}
 z - a potion of haste {unknown}
Comestibles
 f - 9 rations
 w - a chunk of flesh


   Skills:
 + Level 6.2 Fighting
 * Level 7.7 Axes
 - Level 4.4 Armour
 + Level 3.8 Dodging
 - Level 6.0 Shields


You had 7 spell levels left.
You didn't know any spells.

Dungeon Overview and Level Annotations

Branches:
Dungeon (6/15)
 Temple: D:4-7

Altars:
Kikubaaqudgha
Trog

Annotations:
D:6 mortelune's ghost, novice DsIE


Innate Abilities, Weirdness & Mutations

You reflexively headbutt those who attack you in melee.
You have a pair of horns on your head.


Message History

You feel better. The worker ant bites you.
* * * LOW HITPOINT WARNING * * *
You are poisoned.
The worker ant poisons you! Mortelune's ghost hits you.
* * * LOW HITPOINT WARNING * * *
You feel better. You block the worker ant's attack. Mortelune's ghost hits you!
* * * LOW HITPOINT WARNING * * *
You miss mortelune's ghost.
Mortelune's ghost is almost destroyed.
You slash the worker ant! The worker ant bites you.
* * * LOW HITPOINT WARNING * * *
Mortelune's ghost hits you.
* * * LOW HITPOINT WARNING * * *
The worker ant closely misses you.
It was a potion of flight.
You feel very buoyant.
You fly up into the air.
Mortelune's ghost casts a spell at you. The puff of frost hits you! You resist.
You die...

### ### . ... .># .
..# #.# #. #.# #[#
#. #.# ####.####
.####.##.###.......#
.......aW....##.##.#
##...#@# #.##.#
#....[(######.##.#
##...#)().....##.#
.........#########.#
#####.#### #...# #.
#.### ## ##.#######
## #.)......# 8.
##..#####.#


You could see a worker ant and mortelune's ghost.

Vanquished Creatures
  Sigmund (D:5)
  The ghost of Serpenta the Firebug, an amateur KoFE (D:3)
  An ice beast (D:4)
  2 ogres (D:4)
  A big kobold (D:4)
  A crimson imp (D:6)
  A centaur zombie (D:5)
  A hound (D:4)
  An orc wizard (D:4)
  An orc priest (D:6)
  A centaur skeleton (D:4)
  A gnoll shaman (D:5)
  Ijyb (D:2)
  A worker ant (D:4)
  3 gnolls (D:5)
  7 adders
  2 oozes
  3 worms
  5 leopard geckos
  15 orcs
  4 bats
  6 giant cockroaches
  18 goblins
  11 hobgoblins
  12 jackals
  4 quokkas
  A ball python (D:3)
  7 frilled lizards
  8 kobolds
  A leopard gecko zombie (D:3)
  A quokka skeleton (D:4)
  A quokka zombie (D:5)
  4 rats
128 creatures vanquished.

Vanquished Creatures (others)
  A human (D:4)
1 creature vanquished.

Grand Total: 129 creatures vanquished

Notes
Turn   | Place    | Note
-------+----------+-------------------------------------------
     0 | D:1      | RoseArtemis the Minotaur Fighter began the quest for the Orb.
     0 | D:1      | Reached XP level 1. HP: 19/19 MP: 0/0
   119 | D:1      | Reached XP level 2. HP: 27/27 MP: 1/1
   237 | D:1      | Reached skill level 3 in Axes
   598 | D:1      | Reached XP level 3. HP: 33/33 MP: 2/2
   856 | D:2      | Noticed Ijyb
   864 | D:2      | Paralysed by Ijyb for 7 turns
   872 | D:2      | Paralysed by Ijyb for 5 turns
   882 | D:2      | Killed Ijyb
   882 | D:2      | Reached XP level 4. HP: 33/40 MP: 3/3
  1046 | D:2      | Reached skill level 4 in Axes
  1731 | D:2      | Reached XP level 5. HP: 46/47 MP: 4/4
  2938 | D:3      | Noticed Serpenta's ghost (amateur KoFE)
  2948 | D:3      | Killed Serpenta's ghost
  2948 | D:3      | Reached skill level 5 in Axes
  2948 | D:3      | Reached skill level 1 in Dodging
  2948 | D:3      | Reached skill level 5 in Shields
  2948 | D:3      | Reached XP level 6. HP: 30/55 MP: 5/5
  3420 | D:4      | Found a transporter.
  3437 | D:4      | Found a transporter.
  3620 | D:4      | Reached skill level 5 in Fighting
  3996 | D:4      | Reached skill level 6 in Axes
  3996 | D:4      | Reached XP level 7. HP: 60/61 MP: 6/6
  4102 | D:4      | Found an ancient bone altar of Kikubaaqudgha.
  4108 | D:4      | Noticed a human
  4110 | D:4      | Killed a human
  4783 | D:5      | Entered Level 5 of the Dungeon
  4799 | D:5      | Found a bloodstained altar of Trog.
  4802 | D:5      | Became a worshipper of Trog the Wrathful
  5203 | D:5      | Reached skill level 7 in Axes
  5584 | D:5      | Noticed Sigmund
  5593 | D:5      | Killed Sigmund
  5593 | D:5      | Reached XP level 8. HP: 64/70 MP: 7/7
  5740 | D:6      | Noticed mortelune's ghost (novice DsIE)
  5744 | D:6      | Reached * piety under Trog
  5752 | D:6      | HP: 2/70 [mortelune's ghost (2)]
  5753 | D:6      | Killed from afar by mortelune's ghost

Vault maps used:
D:1:      dpeg_arrival_court, interstate_on_off, minmay_misc_feat_five,
          minmay_misc_feat_cross
D:2:      kennysheep_the_goblin_king
D:3:      minmay_tree_intersection
D:4:      gammafunk_wand_slinger, first_ration, tgw_kikubaaqudgha
D:5:      lemuel_crystal_altar, serial_co_window_serial, co_window_cross_1,
          co_window_corner_a, co_window_paths_a, co_window_paths_b,
          co_window_paths_a, co_window_unsneaky_path_c,
          co_window_of_opportunity_c, co_window_2corner, co_window_4corner_a,
          glass_columns_b, glass_columns_a, glass_columns_a, glass_columns_b,
          kennysheep_dice, uniq_sigmund
D:6:      nicolae_overflow_hidden_temple, minmay_temple_entry_mist,
          serial_shops, shop

Skill      XL: |  1  2  3  4  5  6  7 |
---------------+----------------------+-----
Axes           | 3 4 5 6 7 |  7.7
Fighting       | 4 5 6 |  6.2
Armour         | 4 |  4.4
Shields        | 4 5 6 |  6.0
Dodging        | 1 2 3 |  3.8

Action                   |  1- 3 |  4- 6 |  7- 9 || total
-------------------------+-------+-------+-------++-------
Melee: War axe           |    83 |   164 |    94 ||   341
       Headbutt          |    14 |    23 |    15 ||    52
  Use: Scroll            |       |     3 |     1 ||     4
       Potion            |       |     1 |     4 ||     5
  Eat: Chunk             |       |     7 |     5 ||    12
       Ration            |       |     1 |       ||     1
Armor: Scale mail        |    43 |    21 |       ||    64
       Leather armour    |       |    19 |    22 ||    41
Dodge: Dodged            |    21 |    46 |    39 ||   106
Block: Shield            |    34 |    81 |    42 ||   157

Table legend:
 A = Spawn XP
 B = Non-spawn XP
 C = Spawn XP percentage of total XP
 D = Spawn monster count
 E = Non-spawn monster count
 F = Spawn count percentage of total count
 G = Total turns spent on level
                    A         B        C        D         E        F      G
               +---------+---------+-------+---------+---------+-------+---------
         Total |       0 |    1571 |   0.0 |       0 |     128 |   0.0 |  5753
               +---------+---------+-------+---------+---------+-------+---------
           D:1 |       0 |      49 |   0.0 |       0 |      26 |   0.0 |   769
           D:2 |       0 |     165 |   0.0 |       0 |      38 |   0.0 |  1450
           D:3 |       0 |     188 |   0.0 |       0 |      20 |   0.0 |  1195
           D:4 |       0 |     681 |   0.0 |       0 |      20 |   0.0 |  1369
           D:5 |       0 |     372 |   0.0 |       0 |      17 |   0.0 |   912
           D:6 |       0 |     116 |   0.0 |       0 |       7 |   0.0 |    58
               +---------+---------+-------+---------+---------+-------+---------
